 Dungeon Crawl Stone Soup version 0.17.2-1-ge4368a0 (webtiles) character file.

299 Goblin1989 the Sneak (level 6, -8/30 HPs)
             Began as a Vine Stalker Assassin on Oct 4, 2016.
             Mangled by an ogre
             ... wielding a +0 giant club
              (21 damage)
             ... on level 6 of the Dungeon.
             The game lasted 00:08:46 (742 turns).

Goblin1989 the Sneak (Vine Stalker Assassin)         Turns: 742, Time: 00:08:46

Health: -8/30      AC:  3    Str: 14    XL:     6   Next: 36%
Magic:  0/7        EV: 11    Int: 11    God:
Gold:   49         SH:  0    Dex: 17    Spells: 0 memorised, 5 levels left

rFire  . . .     SeeInvis .     k - +2 short sword (drain)
rCold  . . .     Clarity  .     c - +0 robe
rNeg   . . .     SustAt   .     (no shield)
rPois  .         Gourm    .     (no helmet)
rElec  .         Spirit   +     d - +0 cloak
rCorr  .         Warding  .     (no gloves)
rMut   .         Stasis   .     (no boots)
MR     .....                    (no amulet)
Stlth  ++++......               (no ring)
                                (no ring)

@: not resistant to hostile enchantments, stealthy
A: fangs 2, regeneration 2, magic shield, antimagic bite, no device heal 3, rot
immunity
a: no special abilities


You were on level 6 of the Dungeon.
You were not hungry.

You visited 1 branch of the dungeon, and saw 6 of its levels.

You collected 49 gold pieces.

Inventory:

Hand Weapons
 k - a +2 short sword of draining (weapon)
 q - a +0 blowgun {@w1}
Missiles
 e - 5 poisoned needles
 Z - a throwing net (quivered)
Armour
 a - a +0 shield
 c - a +0 robe (worn)
 d - a +0 cloak (worn)
Scrolls
 h - a scroll of enchant armour {unknown}
 i - 2 scrolls of remove curse {unknown}
 n - a scroll of identify {unknown}
Potions
 b - 2 potions of lignification {unknown}
 f - a potion of curing {unknown}
 j - a potion of ambrosia {unknown}
 m - a potion of heal wounds {unknown}
Comestibles
 g - 2 bread rations
 l - a meat ration


   Skills:
 - Level 1.7 Fighting
 * Level 5.0 Short Blades
 - Level 1.7 Throwing
 - Level 0.7 Dodging
 + Level 6.6 Stealth


You had 5 spell levels left.
You didn't know any spells.

Dungeon Overview and Level Annotations

Branches:
Dungeon (6/15)
 Temple: D:4-7

Altars:


Innate Abilities, Weirdness & Mutations

You have extremely sharp teeth.
You heal very quickly.
When hurt, damage is shared between your health and your magic reserves.
Your bite disrupts and absorbs the magic of your enemies.
Potions and wands cannot restore your health.
You are immune to rotting.


Message History

Firing (i - inventory. (,) - cycle):
e - 7 poisoned needles (quivered)
Press: ? - help, Shift-Dir - straight line, f - ice beast
Aim: an ice beast You shoot a poisoned needle.
The poisoned needle hits the ogre!
The ogre is poisoned.
The ogre is moderately wounded.
The ogre closely misses you.
Found 14 gold pieces and a chain mail.
Firing (i - inventory. (,) - cycle):
e - 6 poisoned needles (quivered)
Press: ? - help, Shift-Dir - straight line, f - giant frog
Aim: a giant frog You shoot a poisoned needle.
The poisoned needle hits the ogre!
The ogre looks even sicker.
The ogre is heavily wounded.
Wield which item (- for none, * to show all)? (? for menu, Esc to quit)
You sense an unholy aura.
k - a +2 short sword of draining (weapon)
The ogre hits you with a giant club!!
Ouch! That really hurt!
You die... ਜ.ਜਜਜਜਜ.ਜਜ ਜ.......ਜ ਜਜਜਜਜ.ਜਜਜ ਜ.ਜ ਜYਜ ਜਜ. ਜFਜ

ਜਜਜ.... ਜ.ਜ
.....ਜ
ਜ.ਜਜਜ.....ਜ
ਜ.FO@..$..ਜ
ਜਜਜਜਜ..[..ਜ
.......
ਜਜ.....


ਜਜਜਜਜ You could see an ogre and a giant frog.

Vanquished Creatures
  A phantom (D:5)
  A crimson imp (D:5)
  A hound (D:6)
  An orc priest (D:5)
  An iguana (D:5)
  2 worker ants
  An adder (D:2)
  An adder skeleton (D:4)
  A worm (D:2)
  2 giant geckos (D:5)
  8 orcs
  3 bats
  A giant cockroach (D:4)
  A hobgoblin (D:2)
  A quokka (D:4)
  A goblin (D:1)
  A jackal skeleton (D:5)
  3 kobolds
  3 rats
34 creatures vanquished.

Notes
Turn   | Place    | Note
--------------------------------------------------------------
     0 | D:1      | Goblin1989 the Vine Stalker Assassin began the quest for the Orb.
     0 | D:1      | Reached XP level 1. HP: 11/11 MP: 2/2
    98 | D:2      | Reached XP level 2. HP: 13/15 MP: 3/3
   112 | D:2      | Reached skill level 5 in Stealth
   250 | D:3      | Reached XP level 3. HP: 13/18 MP: 4/4
   378 | D:5      | Entered Level 5 of the Dungeon
   391 | D:5      | Reached XP level 4. HP: 7/23 MP: 5/5
   516 | D:5      | Noticed a phantom
   520 | D:5      | Killed a phantom
   520 | D:5      | Reached skill level 6 in Stealth
   520 | D:5      | Reached XP level 5. HP: 22/26 MP: 4/6
   552 | D:5      | Gained mutation: You heal very quickly. [Vine Stalker growth]
   552 | D:5      | Reached XP level 6. HP: 30/30 MP: 7/7
   714 | D:6      | Reached skill level 5 in Short Blades
   723 | D:5      | Noticed an ogre
   723 | D:5      | Noticed an ice beast
   742 | D:6      | Mangled by an ogre

Action                   |  1- 3 |  4- 6 || total
-------------------------+-------+-------++-------
Melee: Dagger            |    37 |       ||    37
       Short sword       |    12 |    41 ||    53
 Fire: Blowgun           |     2 |     3 ||     5
 Stab: Sleeping          |     6 |     7 ||    13

Vault maps used:
D:1:      sevenhm_arrival_forest_fort_small_4, nrook_mini_backslash,
          kennysheep_flooded_box, minmay_crystal_water
D:2:      overflow_temple_1_default, serial_curves, eino_curves_01,
          eino_curves_01, eino_curves_01, eino_curves_03
D:3:      first_bread, kennysheep_generic_room_6
D:4:      dk_noncrumbling_3, uniq_crazy_yiuf_cottage
D:5:      forest_paths, minmay_misc_feat_plants
D:6:      overflow_temple_1_default, lemuel_zombie_altar_yredelemnul,
          elyvilon_altar_3, temple_hall
